Workbook
Name validation_list: OFFSET(#REF!,,,COUNTIF(#REF!,"?*"))

Sheet My Summary
A1: Compare Financial Aid Offers
A4: This tool will help you compare financial aid offers from up to four different colleges. Have your offers on hand. After you input your costs, awards, and other amounts in each College tab, come back to this tab for a summary.
A7: My Summary
B10: =IF(College1!$B$4=0,"",College1!$B$4) | C10: =IF(College2!$B$4=0,"",College2!$B$4) | D10: =IF(College3!$B$4=0,"",College3!$B$4) | E10: =IF(College4!$B$4=0,"",College4!$B$4)
A12: Net Price (COA - Free Money) | B12: =IF(College1!$C$35=0,"",College1!$C$35) | C12: =IF(College2!$C$35=0,"",College2!$C$35) | D12: =IF(College3!$C$35=0,"",College3!$C$35) | E12: =IF(College4!$C$35=0,"",College4!$C$35)
A14: Savings | B14: =IF(College1!$A$40=0,"",College1!$A$40) | C14: =IF(College2!$A$40=0,"",College2!$A$40) | D14: =IF(College3!$A$40=0,"",College3!$A$40) | E14: =IF(College4!$A$40=0,"",College4!$A$40)
A16: Work-Study | B16: =IF(College1!$A$45=0,"",College1!$A$45) | C16: =IF(College2!$A$45=0,"",College2!$A$45) | D16: =IF(College3!$A$45=0,"",College3!$A$45) | E16: =IF(College4!$A$45=0,"",College4!$A$45)
A18: Student Loans | B18: =IF(College1!$B$54=0,"",College1!$B$54) | C18: =IF(College2!$B$54=0,"",College2!$B$54) | D18: =IF(College3!$B$54=0,"",College3!$B$54) | E18: =IF(College4!$B$54=0,"",College4!$B$54)
A20: Parent Loans | B20: =IF(College1!$B$62=0,"",College1!$B$62) | C20: =IF(College2!$B$62=0,"",College2!$B$62) | D20: =IF(College3!$B$62=0,"",College3!$B$62) | E20: =IF(College4!$B$62=0,"",College4!$B$62)
A22: Net Price - Contributions | B22: =IF(College1!$E$69=0,"",College1!$E$69) | C22: =IF(College2!$E$69=0,"",College2!$E$69) | D22: =IF(College3!$E$69=0,"",College3!$E$69) | E22: =IF(College4!$E$69=0,"",College4!$E$69)

Sheet College1
A3: College #1
A6: Look at the financial aid offer your college sent you. Input your costs, awards, and other amounts below. Click on the fields or look at the Glossary for an explanation of each field. Click on underlined titles for even more information.
A9: Cost of Attendance (COA)
A10: Tuition & Fees | C10: Room & Board | E10: Health Insurance
A13: Books & Supplies | C13: Transportation | E13: Personal Expenses
A16: COA Total: | C16: =SUM(A11+C11+E11+A14+C14+E14) -> 0
A19: Financial Aid
A20: Free Money
A21: Free money is awarded in the form of grants and scholarships. You don't have to repay this money.
C25: Institutional Grant
C28: Other Grants
A31: Free Money Total: | C31: =SUM(A23+C23+E23+G23+A26+C26+E26+G26+A29+C29) -> 0
A33: Net Price is the total cost of attendance minus your total free money for one year of college. You'll need to pay the Net Price using some combination of savings, work, and loans.
A35: Net Price (COA - Free Money): | C35: =SUM(C16-C31) -> 0
A37: Earned Money
A38: If you have some savings and want to add it to the calculation, input the amount you want to consider.
A39: Savings
A42: If you're considering work-study, input the amount the school is offering you. Work-study programs are earned money because you need to work at a part-time job in order to receive the money.
A47: Student Loans
A48: Loans are borrowed money you have to pay back with interest. You can decide to accept all student loans, just one, or none at all. It's also ok to accept a lower amount than you're offered. Enter the loan amounts you're considering accepting.
A54: Student Loans Total: | B54: =SUM(A52+C52) -> 0
A56: Parent Loans
A57: If your school is offering a Parent PLUS Loan, your parent can decide to accept or decline it. If your parent accepts the loan, it requires an extra step to apply. Add the amount your parent is considering accepting.
A62: Parent Loans Total: | B62: =SUM(A60+C60) -> 0
A65: After calculating your net price (COA - Free Money), this section displays the remaining balance based on a combination of savings, work, and loans you are considering.
A68: Net Price (COA - Free Money) | C68: Savings + Work + Student Loans + Parent Loans | E68: Remaining Balance
A69: =C35 -> 0 | B69: - | C69: =SUM(A40+A45+B54+B62) -> 0 | D69: = | E69: =SUM(A69-C69) -> 0

Sheet College2
A3: College #2
A6: Look at the financial aid offer your college sent you. Input your costs, awards, and other amounts below. Click on the fields or look at the Glossary for an explanation of each field. Click on underlined titles for even more information.
A9: Cost of Attendance (COA)
A10: Tuition & Fees | C10: Room & Board | E10: Health Insurance
A13: Books & Supplies | C13: Transportation | E13: Personal Expenses
A16: COA Total: | C16: =SUM(A11+C11+E11+A14+C14+E14) -> 0
A19: Financial Aid
A20: Free Money
A21: Free money is awarded in the form of grants and scholarships. You don't have to repay this money.
C25: Institutional Grant
C28: Other Grants
A31: Free Money Total: | C31: =SUM(A23+C23+E23+G23+A26+C26+E26+G26+A29+C29) -> 0
A33: Net Price is the total cost of attendance minus your total free money for one year of college. You'll need to pay the Net Price using some combination of savings, work, and loans.
A35: Net Price (COA - Free Money): | C35: =SUM(C16-C31) -> 0
A37: Earned Money
A38: If you have some savings and want to add it to the calculation, input the amount you want to consider.
A39: Savings
A42: If you're considering work-study, input the amount the school is offering you. Work-study programs are earned money because you need to work at a part-time job in order to receive the money.
A47: Student Loans
A48: Loans are borrowed money you have to pay back with interest. You can decide to accept all student loans, just one, or none at all. It's also ok to accept a lower amount than you're offered. Enter the loan amounts you're considering accepting.
A54: Student Loans Total: | B54: =SUM(A52+C52) -> 0
A56: Parent Loans
A57: If your school is offering a Parent PLUS Loan, your parent can decide to accept or decline it. If your parent accepts the loan, it requires an extra step to apply. Add the amount your parent is considering accepting.
A62: Parent Loans Total: | B62: =SUM(A60+C60) -> 0
A65: After calculating your net price (COA - Free Money), this section displays the remaining balance based on a combination of savings, work, and loans you are considering.
A68: Net Price (COA - Free Money) | C68: Savings + Work + Student Loans + Parent Loans | E68: Remaining Balance
A69: =C35 -> 0 | B69: - | C69: =SUM(A40+A45+B54+B62) -> 0 | D69: = | E69: =SUM(A69-C69) -> 0

Sheet College3
A3: College #3
A6: Look at the financial aid offer your college sent you. Input your costs, awards, and other amounts below. Click on the fields or look at the Glossary for an explanation of each field. Click on underlined titles for even more information.
A9: Cost of Attendance (COA)
A10: Tuition & Fees | C10: Room & Board | E10: Health Insurance
A13: Books & Supplies | C13: Transportation | E13: Personal Expenses
A16: COA Total: | C16: =SUM(A11+C11+E11+A14+C14+E14) -> 0
A19: Financial Aid
A20: Free Money
A21: Free money is awarded in the form of grants and scholarships. You don't have to repay this money.
C25: Institutional Grant
C28: Other Grants
A31: Free Money Total: | C31: =SUM(A23+C23+E23+G23+A26+C26+E26+G26+A29+C29) -> 0
A33: Net Price is the total cost of attendance minus your total free money for one year of college. You'll need to pay the Net Price using some combination of savings, work, and loans.
A35: Net Price (COA - Free Money): | C35: =SUM(C16-C31) -> 0
A37: Earned Money
A38: If you have some savings and want to add it to the calculation, input the amount you want to consider.
A39: Savings
A42: If you're considering work-study, input the amount the school is offering you. Work-study programs are earned money because you need to work at a part-time job in order to receive the money.
A47: Student Loans
A48: Loans are borrowed money you have to pay back with interest. You can decide to accept all student loans, just one, or none at all. It's also ok to accept a lower amount than you're offered. Enter the loan amounts you're considering accepting.
A54: Student Loans Total: | B54: =SUM(A52+C52) -> 0
A56: Parent Loans
A57: If your school is offering a Parent PLUS Loan, your parent can decide to accept or decline it. If your parent accepts the loan, it requires an extra step to apply. Add the amount your parent is considering accepting.
A62: Parent Loans Total: | B62: =SUM(A60+C60) -> 0
A65: After calculating your net price (COA - Free Money), this section displays the remaining balance based on a combination of savings, work, and loans you are considering.
A68: Net Price (COA - Free Money) | C68: Savings + Work + Student Loans + Parent Loans | E68: Remaining Balance
A69: =C35 -> 0 | B69: - | C69: =SUM(A40+A45+B54+B62) -> 0 | D69: = | E69: =SUM(A69-C69) -> 0

Sheet College4
A3: College #4
A6: Look at the financial aid offer your college sent you. Input your costs, awards, and other amounts below. Click on the fields or look at the Glossary for an explanation of each field. Click on underlined titles for even more information.
A9: Cost of Attendance (COA)
A10: Tuition & Fees | C10: Room & Board | E10: Health Insurance
A13: Books & Supplies | C13: Transportation | E13: Personal Expenses
A16: COA Total: | C16: =SUM(A11+C11+E11+A14+C14+E14) -> 0
A19: Financial Aid
A20: Free Money
A21: Free money is awarded in the form of grants and scholarships. You don't have to repay this money.
C25: Institutional Grant
C28: Other Grants
A31: Free Money Total: | C31: =SUM(A23+C23+E23+G23+A26+C26+E26+G26+A29+C29) -> 0
A33: Net Price is the total cost of attendance minus your total free money for one year of college. You'll need to pay the Net Price using some combination of savings, work, and loans.
A35: Net Price (COA - Free Money): | C35: =SUM(C16-C31) -> 0
A37: Earned Money
A38: If you have some savings and want to add it to the calculation, input the amount you want to consider.
A39: Savings
A42: If you're considering work-study, input the amount the school is offering you. Work-study programs are earned money because you need to work at a part-time job in order to receive the money.
A47: Student Loans
A48: Loans are borrowed money you have to pay back with interest. You can decide to accept all student loans, just one, or none at all. It's also ok to accept a lower amount than you're offered. Enter the loan amounts you're considering accepting.
A54: Student Loans Total: | B54: =SUM(A52+C52) -> 0
A56: Parent Loans
A57: If your school is offering a Parent PLUS Loan, your parent can decide to accept or decline it. If your parent accepts the loan, it requires an extra step to apply. Add the amount your parent is considering accepting.
A62: Parent Loans Total: | B62: =SUM(A60+C60) -> 0
A65: After calculating your net price (COA - Free Money), this section displays the remaining balance based on a combination of savings, work, and loans you are considering.
A68: Net Price (COA - Free Money) | C68: Savings + Work + Student Loans + Parent Loans | E68: Remaining Balance
A69: =C35 -> 0 | B69: - | C69: =SUM(A40+A45+B54+B62) -> 0 | D69: = | E69: =SUM(A69-C69) -> 0

Sheet Glossary
A1: Glossary
A3: Below are the brief descriptions of the costs and financial aid awards that were displayed in the text fields.
A6: Tuition & Fees
A7: Tuition is the cost of taking classes at your college. Fees are the amount you pay for student services, resources, and programs. These amounts are different for every college.
A10: Room & Board
A11: Room and board is the amount you pay for on-campus housing and meals. Most colleges have different meal plans. Some are more expensive than others. If you plan to live off campus, think about how much you’ll spend on rent and food. If you plan to live at home, think about how much you’ll pay toward family expenses.
A16: Health Insurance
A17: If you already have health insurance, you might not have to pay for the student health plan. Contact your college about opting out.
A20: Books & Supplies
A21: You’ll have to buy books and supplies for your college classes. Books and supplies cost more for some classes than others. New books can be pricey. Try to rent or buy used books to lower the cost.
A25: Transportation
A26: Transportation is the cost to get around town and travel back home. Check to see if your college offers free bus passes. Compare costs to get home by carpool, train, bus, or plane. If you’ll be commuting, think about how much it’ll cost to go back and forth between college and home.
... A97: Private loans come from banks or credit unions. They often have higher interest rates and fewer benefits than federal loans.
